 Dungeon Crawl Stone Soup version 0.26-a0-651-gb41185065b (webtiles) character file.

Game seed: 13430133770178348192

139 kae the Ruffian (level 5, -3/40 HPs)
             Began as a Draconian Transmuter on Oct 12, 2020.
             Slain by a gnoll
             ... wielding a +0 whip
              (5 damage)
             ... on level 3 of the Dungeon.
             The game lasted 00:01:42 (3250 turns).

kae the Ruffian (Draconian Transmuter)              Turns: 3250, Time: 00:01:43

Health: -3/40      AC:  5    Str: 13    XL:     5   Next: 1%
Magic:  8/8        EV: 12    Int: 13    God:
Gold:   67         SH:  0    Dex: 12    Spells: 7/8 levels left

rFire    . . .     SeeInvis .   d - +0 hand axe
rCold    . . .     Faith    .   (no shield)
rNeg     . . .     Spirit   .   (armour unavailable)
rPois    +         Reflect  .   (helmet restricted)
rElec    .         Harm     .   (no cloak)
rCorr    .         Rampage  .   (no gloves)
MR       +....                  (no boots)
Stlth    +.........             (no amulet)
HPRegen  0.13/turn              (no ring)
MPRegen  0.11/turn              (no ring)

@: hasted, very quick
A: unfitting armour, horns 1, magic resistance 1, poison resistance,
cold-blooded, AC +5
a: no special abilities


You were on level 3 of the Dungeon.
You visited 1 branch of the dungeon, and saw 3 of its levels.

You collected 67 gold pieces.

Inventory:

Hand Weapons
 d - a +0 hand axe (weapon)
Wands
 e - a wand of acid (7)
Scrolls
 a - 2 scrolls of blinking
Potions
 b - a potion of haste
 c - a potion of mutation


   Skills:
 - Level 1.1 Fighting
 - Level 1.7 Dodging
 * Level 5.0 Unarmed Combat
 - Level 2.0 Spellcasting
 + Level 3.3 Transmutations


You had 7 spell levels left.
You knew the following spells:

 Your Spells              Type           Power        Failure   Level
a - Beastly Appendage     Tmut           #.....       7%          1

Your spell library contained the following spells:

 Spells                   Type           Power        Failure   Level
 Wereblood                Tmut           #.......     10%         2
 Spider Form              Tmut/Pois      #.........   36%         3
 Ice Form                 Ice/Tmut       #.......     78%         4
 Blade Hands              Tmut           #.........   88%         5


Dungeon Overview and Level Annotations

Branches:
Dungeon (3/15)

Altars:
Cheibriados


Innate Abilities, Weirdness & Mutations

Your plain brown scales are hard. (AC +5)
You cannot fit into any form of body armour.
You are cold-blooded and may be slowed by cold attacks.
You have a pair of small horns on your head.
You are resistant to hostile enchantments. (MR+)
Your system is resistant to poisons. (rPois)


Message History

The gnoll barely misses you. The gnoll closely misses you.
The gnoll hits you with a +0 whip.
* * * LOW HITPOINT WARNING * * *
You barely miss the gnoll.
Your tail-slap misses the gnoll.
The gnoll is severely wounded.
You completely miss the gnoll. The gnoll closely misses you.
The gnoll barely misses you. The gnoll hits you but does no damage.
The gnoll hits you with a +0 whip.
* * * LOW HITPOINT WARNING * * *
The gnoll hits you from afar with a +0 spear.
* * * LOW HITPOINT WARNING * * *
The gnoll hits you with a +0 whip.
* * * LOW HITPOINT WARNING * * *
It was a potion of mutation.
You feel extremely strange. A pair of horns grows on your head!
You feel resistant to poisons.
You feel resistant to hostile enchantments.
The gnoll hits you with a +0 whip.
* * * LOW HITPOINT WARNING * * *
You feel yourself speed up. The gnoll hits you with a +0 whip.
You die...

##############.#.#.
#..............##..
#.##.##..###.###..#
#####.##.##..# #...#.#. .
#........##..###.###...
... #.###.#####.#...##
##.# ...
####.###.......##### ##_
... #.........######## ##
...#####.#...#.#@# .....#
...............#g##)....#
................g.......#
...............#.##.....#
...#.###.#.....#.# .....#
......(..........# ######
.....###.##...##...
....## #####.###.##
...##.# ### #..


You could see 2 gnolls.

Vanquished Creatures
  4 gnolls (D:2)
  6 adders
  A dart slug (D:2)
  A leopard gecko (D:1)
  An orc (D:3)
  3 giant cockroaches (D:1)
  3 goblins
  3 hobgoblins (D:1)
  4 jackals (D:3)
  A quokka (D:3)
  8 bats
  A frilled lizard (D:1)
  6 kobolds
  2 rats
44 creatures vanquished.

Notes
Turn   | Place    | Note
-------+----------+-------------------------------------------
     0 | D:1      | kae the Draconian Transmuter began the quest for the Orb.
     0 | D:1      | Reached XP level 1. HP: 16/16 MP: 3/3
   433 | D:1      | Reached XP level 2. HP: 23/23 MP: 3/5
  1269 | D:2      | Reached XP level 3. HP: 16/28 MP: 4/6
  1644 | D:2      | Reached skill level 4 in Unarmed Combat
  1651 | D:2      | Reached XP level 4. HP: 11/35 MP: 7/7
  2928 | D:3      | Reached skill level 5 in Unarmed Combat
  3139 | D:3      | Reached XP level 5. HP: 34/40 MP: 8/8
  3190 | D:3      | Found a snail-covered altar of Cheibriados.
  3248 | D:3      | HP: 2/40 [gnoll/+0 whip (3)]
  3249 | D:3      | Gained mutation: You have a pair of small horns on your
                  | head. [potion of mutation]
  3249 | D:3      | Gained mutation: Your system is resistant to poisons.
                  | (rPois) [potion of mutation]
  3249 | D:3      | Gained mutation: You are resistant to hostile enchantments.
                  | (MR+) [potion of mutation]
  3250 | D:3      | Slain by a gnoll

Illustrated notes

Levels and vault maps discovered:
D:1:      co_arrival_random_square_maze, layout_loops_ring,
          palyth_stone_intersect, minmay_misc_feat_tower,
          minmay_tree_intersection, corexii_leaking_fountain
D:2:      layout_basic
D:3:      layout_loops_cross, marbit_many_paths,
          chequers_ecumenical_altar_twisty

Skill      XL: |  1  2  3  4 |
---------------+-------------+-----
Unarmed Combat | 4 5 |  5.0
Transmutations | 3 |  3.3
Fighting       | |  1.1
Dodging        | |  1.7
Spellcasting   | |  2.0

Action                   |  1- 3 |  4- 6 || total
-------------------------+-------+-------++-------
Melee: Unarmed           |    39 |       ||    39
       Headbutt          |     7 |     3 ||    10
       Kick              |    10 |     8 ||    18
       Tailslap          |     2 |    13 ||    15
       Hand axe          |    20 |    69 ||    89
 Cast: Beastly Appendage |    15 |    11 ||    26
  Use: Potion            |       |     4 ||     4
       Scroll            |       |     2 ||     2
Armor: Skin              |    18 |    33 ||    51
Dodge: Dodged            |    43 |    87 ||   130

Table legend: (Time is in decaauts)
 A = Elapsed time spent in this place.
 B = Non-inter-level travel time spent in this place.
 C = Inter-level travel time spent in this place.
 D = Time resting spent in this place.
 E = Time spent auto-exploring this place.
 F = Levels seen in this place.
 G = Mean time per level.
                   A        B        C        D        E       F      G
               +--------+--------+--------+--------+--------+-----+--------+
         Total |   3273 |   3082 |    191 |    817 |   1910 |   3 | 1091.0 |
       Dungeon |   3273 |   3082 |    191 |    817 |   1910 |   3 | 1091.0 |
               +--------+--------+--------+--------+--------+-----+--------+

Top non-repeatable levels by time:
     D:2: 1629 daAuts
     D:1: 1219 daAuts
     D:3: 424 daAuts
